 Dungeon Crawl Stone Soup version 0.29-a0-330-g52719c12eb (webtiles) character file.

Game seed: 552843485059437302

35257 lorenzova the Eclecticist (level 13, -29/63 HPs)
             Began as a Deep Elf Conjurer on May 27, 2022.
             Was a High Priest of Vehumet.
             Annihilated by a stone giant (38 damage)
             ... in a volcano.
             The game lasted 01:12:10 (25352 turns).

lorenzova the Eclecticist (Deep Elf Conjurer)      Turns: 25352, Time: 01:12:11

Health: -29/63     AC: 11    Str:  4    XL:     13   Next: 46%
Magic:  25/54      EV: 11    Int: 29    God:    Vehumet [*****.]
Gold:   1156       SH:  5    Dex: 13    Spells: 28/46 levels left

rFire   + + .      SeeInvis .   C - +6 mace of Kiot Tyv {speed, rF+ rCorr MP+9}
rCold   . . .      Faith    .   (no shield)
rNeg    . . .      Spirit   .   G - +2 leather armour {rF+}
rPois   .          Reflect  +   m - +2 helmet
rElec   .          Harm     .   K - +2 cloak
rCorr   +          Rampage  .   (no gloves)
Will    +....                   (no boots)
Stlth   ++........              c - amulet of reflection
HPRegen 0.20/turn               i - ring of Zitrit {Wiz MP+9}
MPRegen 0.34/turn               (no ring)

@: no status effects
A: no striking features
a: Renounce Religion


You were in a volcano.
You worshipped Vehumet.
Vehumet was extremely pleased with you.
You visited 3 branches of the dungeon, and saw 18 of its levels.
You also visited: Sewer and Volcano.

You collected 1938 gold pieces.
You spent 782 gold pieces at shops.

Inventory:

Hand Weapons
 t - a +3 short sword of draining
 C - the +6 mace of Kiot Tyv (weapon) {speed, rF+ rCorr MP+9}
   (You took it off a centaur on level 9 of the Dungeon)

   Attacks with this weapon are significantly faster.
   rF:        It protects you from fire.
   MP:        It affects your magic capacity (+9).
   rCorr:     It protects you from acid and corrosion.
Missiles
 O - a throwing net
Armour
 m - a +2 helmet (worn)
 F - the +1 leather armour "Goakoul" {rC+ Int+4}
   (You found it on level 9 of the Dungeon)

   Int:       It affects your intelligence (+4).
   rC:        It protects you from cold.
 G - a +2 leather armour of fire resistance (worn)
 K - a +2 cloak (worn)
Magical Staves
 y - a staff of poison
Jewellery
 c - an amulet of reflection (around neck)
 i - the ring of Zitrit (left hand) {Wiz MP+9}
   (You bought it in a shop on level 1 of the Dungeon)

   [ring of wizardry]

   It improves your spell success rate.
   MP:        It affects your magic capacity (+9).
 w - a ring of ice
 M - a +6 ring of dexterity
Wands
 D - a wand of digging (12)
 J - a wand of iceblast (7)
 P - a wand of paralysis (7)
Scrolls
 a - a scroll of vulnerability {unknown}
 h - a scroll of blinking
 j - 2 scrolls of immolation
 k - a scroll of fog
 n - 6 scrolls of enchant armour
 s - a scroll of fear
 x - 2 scrolls of magic mapping
 A - 10 scrolls of teleportation
 B - a scroll of amnesia {unknown}
 E - a scroll of enchant weapon {unknown}
 H - a scroll of silence {unknown}
 I - 2 scrolls of torment {unknown}
 N - a scroll of holy word {unknown}
 R - a scroll of summoning {unknown}
Potions
 b - 4 potions of magic
 d - 2 potions of invisibility {unknown}
 e - 3 potions of lignification {unknown}
 f - 7 potions of curing
 g - 5 potions of haste
 l - 4 potions of brilliance
 o - 5 potions of mutation
 p - 3 potions of attraction
 q - 2 potions of resistance
 r - 8 potions of heal wounds
 u - 4 potions of might {unknown}
 v - a potion of cancellation {unknown}
 z - 3 potions of flight
 L - 2 potions of berserk rage {unknown}


   Skills:
 - Level 2.4 Dodging
 - Level 2.4 Stealth
 * Level 17.2 Spellcasting
 * Level 15.1 Conjurations
 - Level 9.0 Hexes
 - Level 6.0 Translocations
 * Level 11.8 Fire Magic


You had 28 spell levels left.
You knew the following spells:

 Your Spells              Type           Power      Damage    Failure   Level
a - Magic Dart            Conj           100%       1d8       0%          1
b - Searing Ray           Conj           100%       2d8       0%          2
c - Iskenderun's Mystic   Conj/Tloc      72%        2d15      1%          4
d - Fulminant Prism       Conj/Hex       38%        3d18      1%          4
s - Sticky Flame          Conj/Fire      80%        2d9       1%          4
x - Conjure Flame         Conj/Fire      80%        6-21      1%          3

Your spell library contained the following spells:

 Spells                   Type           Power      Damage    Failure   Level
 Hailstorm                Conj/Ice       62%        3d13      1%          4
 Foxfire                  Conj/Fire      100%       2x1d9     0%          1
 Beastly Appendage        Tmut           50%        N/A       1%          1
 Sting                    Tmut/Pois      100%       1d8       1%          1
 Corpse Rot               Necr/Air       50%        N/A       1%          2
 Ensorcelled Hibernation  Hex/Ice        100%       N/A       1%          2
 Poisonous Vapours        Pois/Air       50%        N/A       1%          2
 Static Discharge         Conj/Air       62%        N/A       1%          2
 Wereblood                Tmut           25%        N/A       1%          2
 Dazzling Flash           Conj/Hex       100%       N/A       1%          3
 Gell's Gravitas          Tloc           56%        N/A       1%          3
 Ignite Poison            Fire/Tmut/Pois 47%        N/A       1%          3
 Lesser Beckoning         Tloc           56%        N/A       1%          3
 Teleport Other           Tloc           56%        N/A       1%          3
 Anguish                  Hex/Necr       25%        N/A       1%          4
 Ozocubu's Armour         Ice            25%        N/A       4%          3
 Spider Form              Tmut/Pois      25%        N/A       4%          3
 Olgreb's Toxic Radiance  Pois           25%        N/A       4%          4
 Metabolic Englaciation   Hex/Ice        25%        N/A       6%          5
 Silence                  Hex/Air        25%        N/A       6%          5
 Dispel Undead            Necr           25%        3d12      13%         4
 Agony                    Necr           25%        N/A       32%         5
 Death Channel            Necr           12%        N/A       86%         6
 Simulacrum               Ice/Necr       12%        N/A       86%         6


Dungeon Overview and Level Annotations

Branches:
Dungeon (14/15)            Temple (1/1) D:7            Lair (3/6) D:11
  Swamp (0/4) Lair:2          Orc (0/2) D:9           Sewer (visited)
Volcano (1/1)
  Snake: Lair:2-4    Spider: Lair:2-4    Vaults: D:13-14

Altars:
Ashenzari
Cheibriados
Dithmenos
Fedhas
Hepliaklqana
Kikubaaqudgha
Okawaru
Qazlal
Ru
Sif Muna
Trog
Uskayaw
Vehumet
Xom
Yredelemnul
Zin
The Shining One

Shops:
D:1 =   D:4 (   D:10 *

Annotations:
D:8 3 runed translucent doors, Shym's ghost, novice GrEE


Message History

Confirm with . or Enter, or press ? or * to list all spells.
Aiming: Fulminant Prism (safe; 1% risk of failure)
Press: ? - help, Dir - move target You conjure a prism of explosive energy!
A fulminant prism comes into view.
Your fulminant prism crackles loudly.
You hear an explosion!
The blast of energy engulfs the earth elemental!!!
You destroy the earth elemental!
Vehumet accepts your kill.
Unknown command.
Unknown command.
Casting: Fulminant Prism (safe; 1% risk of failure)
Confirm with . or Enter, or press ? or * to list all spells.
Aiming: Fulminant Prism (safe; 1% risk of failure)
Press: ? - help, Dir - move target You conjure a prism of explosive energy!
A fulminant prism comes into view.
The stone giant throws a large rock.
The large rock hits you!!!
Ouch! That really hurt!
* * * LOW HITPOINT WARNING * * *
Your fulminant prism crackles loudly.
Your fulminant prism explodes!
Casting: Fulminant Prism (safe; 1% risk of failure)
Confirm with . or Enter, or press ? or * to list all spells.
You erupt in a blast of force!
The mystic blast hits the stone giant!
The stone giant is almost dead.
Unknown command.
Casting: Iskenderun's Mystic Blast (safe; 1% risk of failure)
Confirm with . or Enter, or press ? or * to list all spells.
You erupt in a blast of force!
The mystic blast hits the stone giant.
The stone giant is almost dead.
Unknown command.
Casting: Iskenderun's Mystic Blast (safe; 1% risk of failure)
Confirm with . or Enter, or press ? or * to list all spells.
You erupt in a blast of force!
The mystic blast hits the stone giant!
The stone giant is almost dead.
The stone giant hits you!!!
Ouch! That really hurt!
You die...

##§☼☼≈### #≈§§≈≈≈≈## ≈≈≈
#§≈§.§§≈≈### .≈
##.).[.§≈≈≈## )!
#.)....§≈§≈≈# [
##∩.....§§≈≈## #.#
##.##..§§≈≈§#### ##.#
####..#######.########..####
##
##..######.@C...........###.
###.........≈≈.≈.≈........#
###)....≈≈§≈≈§§≈≈.....###
##...§§≈≈≈≈≈≈≈≈≈≈.....#
#....≈§≈§≈≈§§§≈.....##
##..§§§§§§§≈≈≈≈≈.....#
##....§§§§§≈≈≈.....##
##....≈.§.≈.....###
#.............#.##


You could see a stone giant.

Vanquished Creatures
  Erica (D:10)
  4 hydras
  6 two-headed ogres
  An alligator (shapeshifter) (D:9)
  Sonja (Lair:2)
  Amaemon (Lair:2)
  A wizard (D:14)
  2 ugly things (D:9)
  3 cyclopes
  Maurice (D:10)
  An orange demon (Lair:2)
  2 black mambas
  A gargoyle (D:11)
  A torpor snail (Lair:2)
  5 cane toads
  Maggie (Lair:2)
  2 rime drakes
  5 efreet
  A komodo dragon (Lair:1)
  A freezing wraith (D:14)
  6 trolls
  2 polar bears (Lair:2)
  A troll (shapeshifter) (D:9)
  4 slime creatures (D:14)
  4 blink frogs (Lair:3)
  3 shadows
  29 yaks
  4 wyverns
  5 wraiths
  2 basilisks (Lair:2)
  4 steam dragons
  8 vampire mosquitoes (D:11)
  2 wargs (D:11)
  2 acid dragons
  3 swamp worms (Lair:2)
  3 water moccasins
  A hornet zombie (D:8)
  2 ice beasts (D:6)
  5 orc warriors
  3 black bears
  A sky beast (D:6)
  4 ogres
  4 centaurs
  3 phantoms
  6 kobold brigands
  4 earth elementals (Volcano)
  11 bullfrogs
  4 necrophages
  2 wyvern zombies (D:8)
  4 scorpions
  7 wights
  2 troll zombies (D:9)
  12 killer bees
  13 howler monkeys
  A centaur zombie (D:8)
  4 jellies
  10 orc priests
  2 gnoll shamans
  6 hounds
  Jessica (D:2)
  6 iguanas
  11 orc wizards
  3 killer bee zombies (D:8)
  4 ogre zombies (D:9)
  2 howler monkey zombies (D:8)
  7 gnolls
  10 adders
  3 shadow imps
  2 white imps
  An ufetubus (D:5)
  4 worms
  5 dart slugs
  46 orcs
  17 ball pythons
  10 bats
  8 endoplasms
  3 giant cockroaches
  8 goblins
  10 hobgoblins
  7 jackals
  21 kobolds
  2 quokkas (D:3)
  8 frilled lizards
  A goblin skeleton (D:9)
  3 goblin zombies (D:9)
  A hobgoblin skeleton (D:9)
  4 hobgoblin zombies (D:9)
  2 orc skeletons (D:9)
  8 orc zombies (D:9)
  11 rats
  A fulminant prism (D:11)
464 creatures vanquished.

Vanquished Creatures (others)
  127 fulminant prisms
  24 fungi
  41 plants
192 creatures vanquished.

Grand Total: 656 creatures vanquished

Notes
Turn   | Place    | Note
-------+----------+-------------------------------------------
     0 | D:1      | lorenzova the Deep Elf Conjurer began the quest for the
                  | Orb.
     0 | D:1      | Reached XP level 1. HP: 10/10 MP: 6/6
   301 | D:1      | Reached XP level 2. HP: 15/15 MP: 5/8
   304 | D:1      | Learned a level 2 spell: Searing Ray
   650 | D:1      | Found Heanega's Jewellery Shoppe.
  1245 | D:2      | Reached skill level 4 in Spellcasting
  1379 | D:2      | Reached skill level 5 in Conjurations
  1379 | D:2      | Reached XP level 3. HP: 19/19 MP: 8/10
  1486 | D:2      | Reached XP level 4. HP: 24/24 MP: 3/12
  2048 | D:2      | Reached skill level 5 in Spellcasting
  2267 | D:2      | Noticed Jessica
  2278 | D:2      | Killed Jessica
  2426 | D:2      | Reached XP level 5. HP: 23/28 MP: 11/14
  3030 | D:3      | Found a faded altar of an unknown god.
  3036 | D:3      | Got Plato's Almanac of Conjuration
  3428 | D:4      | Found Gungyniu's Weapon Shoppe.
  3542 | D:4      | Reached skill level 6 in Spellcasting
  3545 | D:4      | Found a glowing drain.
  3551 | D:4      | Reached XP level 6. HP: 32/32 MP: 4/17
  3760 | Sewer    | Entered a sewer
  4083 | Sewer    | Reached skill level 7 in Spellcasting
  4236 | Sewer    | Reached XP level 7. HP: 17/31 MP: 11/20
  5119 | D:4      | Reached skill level 8 in Spellcasting
  5252 | D:5      | Entered Level 5 of the Dungeon
  5665 | D:5      | Found a sacrificial altar of Ru.
  5993 | D:5      | Reached skill level 9 in Spellcasting
  5993 | D:5      | Reached XP level 8. HP: 41/41 MP: 14/23
  6987 | D:5      | Reached skill level 10 in Spellcasting
  7408 | D:5      | Noticed a troll
  7680 | D:5      | Learned a level 3 spell: Conjure Flame
  7806 | D:5      | Learned a level 4 spell: Sticky Flame
  7811 | D:5      | Learned a level 4 spell: Iskenderun's Mystic Blast
  7816 | D:5      | Learned a level 4 spell: Fulminant Prism
  7857 | D:5      | Killed a troll
  7858 | D:5      | Reached skill level 11 in Spellcasting
  7858 | D:5      | Reached skill level 10 in Conjurations
  7858 | D:5      | Reached skill level 1 in Hexes
  7858 | D:5      | Reached skill level 1 in Fire Magic
  8207 | D:6      | Reached skill level 1 in Translocations
  8207 | D:6      | Reached XP level 9. HP: 45/45 MP: 19/26
  9462 | D:6      | HP: 1/45 [orc priest/divine providence (13)]
  9700 | D:6      | Found a glowing golden altar of the Shining One.
  9992 | D:7      | Reached skill level 12 in Spellcasting
 10647 | D:7      | Reached XP level 10. HP: 50/50 MP: 22/28
 10830 | D:7      | Found a shadowy altar of Dithmenos.
 10865 | D:7      | Found a bloodstained altar of Trog.
 10866 | D:7      | Found a shimmering blue altar of Sif Muna.
 10866 | D:7      | Found a glowing silver altar of Zin.
 11059 | D:7      | Found a staircase to the Ecumenical Temple.
 11146 | D:7      | Reached skill level 5 in Fire Magic
 11450 | Temple   | Entered the Ecumenical Temple
 11505 | Temple   | Became a worshipper of Vehumet
 11523 | D:7      | Identified a scroll of acquirement
 11707 | D:8      | Found a basalt altar of Yredelemnul.
 12072 | D:8      | Noticed a two-headed ogre
 12085 | D:8      | Killed a two-headed ogre
 12301 | D:8      | Reached skill level 5 in Hexes
 12314 | D:8      | Reached * piety under Vehumet
 12314 | D:8      | Offered knowledge of Shock by Vehumet.
 12321 | D:8      | Reached skill level 13 in Spellcasting
 12446 | D:8      | Noticed Shym's ghost (novice GrEE)
 12454 | D:8      | Noticed a skeletal warrior
 12465 | D:8      | Found a runed translucent gate.
 12465 | D:8      | Found a runed translucent gate.
 12467 | D:8      | Found a runed translucent gate.
 13167 | D:9      | Noticed a black mamba
 13345 | D:9      | Noticed a brown ugly thing
 13349 | D:9      | Noticed a purple ugly thing
 13357 | D:9      | Killed a purple ugly thing
 13357 | D:9      | Killed a purple ugly thing
 13358 | D:9      | Reached XP level 11. HP: 54/54 MP: 18/30
 13565 | D:9      | Reached ** piety under Vehumet
 13565 | D:9      | Offered knowledge of Scorch by Vehumet.
 14166 | D:9      | Reached skill level 5 in Translocations
 14289 | D:9      | Identified the +6 mace of Kiot Tyv {speed, rF+ rCorr MP+9}
 14761 | D:9      | Noticed a two-headed ogre
 14773 | D:9      | Killed a two-headed ogre
 14774 | D:9      | Reached skill level 14 in Spellcasting
 14962 | D:9      | Identified the +4 mace of the Spider Nest {freeze, *Corrode
                  | rC++ Str+2 Dex+3}
 15011 | D:9      | Noticed a two-headed ogre
 15014 | D:9      | Found a hazy altar of Hepliaklqana.
 15019 | D:9      | Killed a two-headed ogre
 15022 | D:9      | Noticed an alligator
 15029 | D:9      | Killed an alligator
 15116 | D:9      | Offered knowledge of Inner Flame by Vehumet.
 15118 | D:9      | Noticed a two-headed ogre
 15125 | D:9      | Killed a two-headed ogre
 15305 | D:9      | Identified the +1 leather armour "Goakoul" {rC+ Int+4}
 15950 | D:9      | Found a staircase to the Orcish Mines.
 16672 | D:10     | Entered Level 10 of the Dungeon
 16943 | D:10     | Reached *** piety under Vehumet
 17018 | D:10     | Found a broken altar of Ashenzari.
 17116 | D:10     | Noticed Maurice
 17130 | D:10     | Killed Maurice
 17386 | D:10     | Offered knowledge of Flame Wave by Vehumet.
 17677 | D:10     | Found Biof's Profane Products.
 17703 | D:10     | Noticed Erica
 17710 | D:10     | Reached XP level 12. HP: 59/59 MP: 17/32
 17712 | D:10     | Killed Erica
 17990 | D:10     | Reached skill level 15 in Spellcasting
 18259 | D:11     | Noticed a two-headed ogre
 18281 | D:11     | Killed a two-headed ogre
 18625 | D:11     | Noticed a two-headed ogre
 18644 | D:11     | Killed a two-headed ogre
 19294 | D:11     | Found a staircase to the Lair.
 19341 | D:11     | You fall into a shaft and drop 3 floors!
 20091 | D:14     | Reached skill level 10 in Fire Magic
 20396 | D:11     | Reached **** piety under Vehumet
 20624 | D:11     | Offered knowledge of Airstrike by Vehumet.
 20748 | Lair:1   | Entered Level 1 of the Lair of Beasts
 20904 | Lair:1   | Reached skill level 16 in Spellcasting
 21242 | Lair:1   | Noticed a six-headed hydra
 21248 | Lair:1   | Killed a six-headed hydra
 21956 | Lair:2   | Acquired 937 gold pieces
 22255 | D:1      | Bought the ring of Zitrit {Wiz MP+9} for 782 gold pieces
 22559 | Lair:2   | Noticed Maggie
 22939 | Lair:2   | Killed Maggie
 22948 | Lair:2   | Noticed a five-headed hydra
 22950 | Lair:2   | Reached XP level 13. HP: 40/63 MP: 35/35
 23404 | Lair:2   | Noticed Amaemon
 23413 | Lair:2   | Killed Amaemon
 24135 | Lair:2   | Noticed Sonja
 24138 | Lair:2   | Killed Sonja
 24139 | Lair:2   | Reached skill level 17 in Spellcasting
 24588 | Lair:2   | Reached skill level 15 in Conjurations
 24597 | Lair:2   | Reached ***** piety under Vehumet
 24730 | Lair:2   | Offered knowledge of Hailstorm by Vehumet.
 24754 | Lair:2   | Found a staircase to the Swamp.
 25124 | Lair:3   | Found a dark tunnel.
 25132 | Volcano  | Entered a volcano
 25338 | Volcano  | Noticed a stone giant
 25352 | Volcano  | Annihilated by a stone giant

Illustrated notes

Levels and vault maps discovered:
D:1:      dpeg_arrival_water_fire, layout_basic, serial_shops,
          nicolae_shop_hallway_stairs, serial_aquarium, aquarium_bridge_straight
          [aquarium_subvault_bridge, aquarium_subvault_window,
          aquarium_subvault_bridge, aquarium_subvault_wall], aquarium_window_1,
          aquarium_window_fake, aquarium_window_corner, aquarium_view_2f,
          aquarium_view_2e, aquarium_balcony_double_3
D:2:      layout_loops_ring, uniq_jessica
D:3:      layout_rooms, shapermc_ecumenical_altar_rom_forum,
          nicolae_elevator_lobby_asterisk
D:4:      layout_basic, cheibrodos_sewer_entry_drain, serial_shops, shop
D:5:      kennysheep_windowed_halls, layout_loops_ring,
          nicolae_ru_sacrificial_ziggurat, roderic_serpentine_path
D:6:      layout_cave_pods, mainiacjoe_overflow_six_doors_small,
          kennysheep_generic_room_15
D:7:      layout_basic, nicolae_overflow_crystal_walls,
          chequers_temple_overflow_statue_of_worship,
          minmay_temple_entry_proselytizer
D:8:      layout_rooms, nicolae_yredelemnul_corpse_copse, gammafunk_ghost_split,
          grunt_ministairs_11
D:9:      layout_long_grid, mainiacjoe_overflow_cross_hatched,
          zombieorc1_lemuel, minmay_the_grid_2x2
          [minmay_the_grid_minigrid_small, minmay_the_grid_expand,
          minmay_the_grid_plusring, minmay_the_grid_prize_trominoes]
D:10:     layout_layer_cave, ashenzari_altar_1, st_stairs_10, nicolae_evil_shop,
          uniq_erica, uniq_maurice
D:11:     layout_roguey, erik_lair_orcish_takeover
D:12:     layout_long_grid
D:13:     layout_layer_cave, grunt_vaults_entry_fortified, serial_shops,
          nicolae_shop_waterfront, uniq_kirke, uniq_josephine
D:14:     layout_gridville, serial_bayou_pond_c
Temple:   dshaligram_water_room_temple
Lair:1:   layout_concentric_octagons, grunt_megastairs_1
Lair:2:   layout_chaotic_city, palyth_hydra_swamp_entry,
          grunt_forest_small_clearing_treed, grunt_megastairs_2, uniq_maggie,
          uniq_sonja, uniq_amaemon
Lair:3:   layout_cave_pods, lightli_volcano_entry_magma_tube
Volcano:  volcano_pools

Skill      XL: |  1  2  3  4  5  6  7  8  9 10 11 12 13 |
---------------+----------------------------------------+-----
Spellcasting   | 4 5 6 7 9 11 12 13 14 16 17 | 17.2
Conjurations   | 5 6 7 8 10 12 13 14 15 | 15.1
Hexes          | 1 3 5 7 9 |  9.0
Fire Magic     | 1 4 7 8 10 11 | 11.8
Translocations | 1 3 4 6 |  6.0
Dodging        | |  2.4
Stealth        | |  2.4

Action                   |  1- 3 |  4- 6 |  7- 9 | 10-12 | 13-15 || total
-------------------------+-------+-------+-------+-------+-------++-------
Melee: Dagger            |       |     1 |       |       |       ||     1
       Short sword       |       |       |     1 |    23 |       ||    24
       Staff             |       |       |       |    10 |     3 ||    13
       Punch             |       |       |       |     3 |       ||     3
 Cast: Magic Dart        |    42 |   133 |   144 |   205 |    41 ||   565
       Searing Ray       |     4 |    11 |    43 |    61 |     5 ||   124
       Iskenderun's Myst |       |       |    11 |    61 |    56 ||   128
       Conjure Flame     |       |       |    12 |    31 |     3 ||    46
       Fulminant Prism   |       |       |    10 |    91 |    27 ||   128
       Sticky Flame      |       |       |     4 |    43 |    10 ||    57
  Use: Scroll            |       |     5 |     9 |     6 |     1 ||    21
       Potion            |       |       |     1 |       |       ||     1
Armor: Robe              |     2 |    12 |    21 |    21 |       ||    56
       Leather armour    |       |       |       |    20 |     7 ||    27
Dodge: Dodged            |     5 |    12 |    29 |    69 |    11 ||   126
Block: Other             |       |       |     5 |    28 |     3 ||    36
       Reflection        |       |       |     1 |     5 |       ||     6

Table legend: (Time is in decaauts)
 A = Elapsed time spent in this place.
 B = Non-inter-level travel time spent in this place.
 C = Inter-level travel time spent in this place.
 D = Time resting spent in this place.
 E = Time spent auto-exploring this place.
 F = Levels seen in this place.
 G = Mean time per level.
                   A        B        C        D        E       F      G
               +--------+--------+--------+--------+--------+-----+--------+
         Total |  25433 |  23881 |   1552 |  11731 |   7812 |  20 | 1271.7 |
       Dungeon |  20938 |  19620 |   1318 |   9691 |   6394 |  14 | 1495.6 |
        Temple |     71 |     40 |     31 |      0 |     33 |   1 |   71.0 |
          Lair |   3542 |   3340 |    202 |   1585 |   1248 |   3 | 1180.7 |
         Sewer |    660 |    660 |      0 |    399 |    136 |   1 |  660.0 |
       Volcano |    219 |    219 |      0 |     56 |      0 |   1 |  219.0 |
               +--------+--------+--------+--------+--------+-----+--------+

Top non-repeatable levels by time:
     D:5: 3143 daAuts
     D:9: 2923 daAuts
     D:8: 2504 daAuts
    D:11: 1826 daAuts
  Lair:1: 1806 daAuts
     D:6: 1737 daAuts
     D:7: 1581 daAuts
  Lair:2: 1566 daAuts
     D:1: 1461 daAuts
    D:10: 1418 daAuts
     D:4: 1329 daAuts
     D:2: 1204 daAuts
    D:14: 945 daAuts
     D:3: 841 daAuts
   Sewer: 660 daAuts
